 Dungeon Crawl Stone Soup version 0.19.0-2-gae57169 (webtiles) character file.

478 Monkfish the Cutter (level 7, -1/66 HPs)
             Began as a Kobold Berserker on Nov 5, 2016.
             Was a Believer of Trog.
             Slain by a gnoll
             ... wielding a +0 flail
              (2 damage)
             ... on level 4 of the Dungeon.
             The game lasted 00:04:06 (2544 turns).

Monkfish the Cutter (Kobold Berserker)              Turns: 2544, Time: 00:04:06

Health: -1/66      AC:  4    Str: 19 (20) XL:     7   Next: 33%
Magic:  7/7        EV:  8    Int:  5 (8)  God:    Trog [**....]
Gold:   161        SH:  0    Dex: 14 (16) Spells: 0 memorised, 6 levels left

rFire  . . .     SeeInvis .     a - +1 short sword
rCold  + . .     Gourm    .     e - +2 robe {rC+}
rNeg   . . .     Faith    .     (shield restricted)
rPois  .         Spirit   .     (no helmet)
rElec  .         Reflect  .     (no cloak)
rCorr  .         Harm     .     (no gloves)
MR     .....                    (no boots)
Stlth  ..........               (no amulet)
                                (no ring)
                                (no ring)

@: berserking (expiring), held, very quick
A: carnivore 3
a: Berserk, Trog's Hand, Burn Spellbooks, Renounce Religion


You were on level 4 of the Dungeon.
You worshipped Trog.
Trog was pleased with you.
You were very full.

You visited 1 branch of the dungeon, and saw 4 of its levels.

You collected 161 gold pieces.

Inventory:

Hand Weapons
 a - a +1 short sword (weapon)
Armour
 e - a +2 robe of cold resistance (worn)
Wands
 g - a wand of acid (9/15)
Scrolls
 b - a scroll of blinking
 d - 2 scrolls of identify
 h - 2 scrolls of teleportation
Potions
 f - a potion of magic
 i - 2 potions of agility
 j - a potion of heal wounds {unknown}
Comestibles
 c - 2 meat rations
 k - a beef jerky


   Skills:
 + Level 5.0 Fighting
 + Level 7.0 Short Blades
 - Level 1.5 Armour
 + Level 4.1 Dodging
 * Level 4.8 Stealth


You had 6 spell levels left.
You didn't know any spells.

Dungeon Overview and Level Annotations

Branches:
Dungeon (4/15)
 Temple: D:4-7

Altars:
Dithmenos
Gozag
Okawaru
Qazlal
Trog
Uskayaw


Innate Abilities, Weirdness & Mutations

You are small and have problems with some larger weapons.
You are carnivorous and can eat meat at any time.


Message History

The ogre is severely wounded.
The ogre hits you with a giant spiked club.
The gnoll hits you from afar with a spear.
You hit the gnoll.
The gnoll is heavily wounded.
The gnoll misses you.
The gnoll throws a throwing net.
The throwing net hits you.
You become entangled in the net!
The gnoll hits you with a flail!
You struggle against the net.
The gnoll hits you from afar with a spear!
The ogre hits you with a giant spiked club!!
* * * LOW HITPOINT WARNING * * *
A jackal comes into view.
The jackal barks!
The gnoll hits you with a whip.
* * * LOW HITPOINT WARNING * * *
You struggle against the net.
You feel a strong urge to attack something.
The gnoll hits you with a flail.
You die...

......#####
.......#...## ###
.......<..... ...
...%.........##.###
##..................
##.#.................
..#.#........8g......
#.##.#.$.....@ggoooh.
#.# #.#.....8gO......
#.# #.#.............
###.# #.#....8.......
#...######.#...#..#.#..
#...'.....#.######...##
#...######.#...#..#.#..
#...# ##.#............
#...# ##.#.....)...


You could see an ogre, an orc priest, an orc wizard, 4 gnolls, an orc and a
jackal.

Vanquished Creatures
  Sigmund (D:2)
  An ogre (D:3)
  Terence (D:2)
  Natasha (thrice) (D:3)
  6 adders
  3 dart slugs
  A leopard gecko (D:2)
  9 orcs
  A ball python (D:2)
  11 bats
  3 giant cockroaches
  7 goblins
  7 hobgoblins
  9 jackals
  5 kobolds
  A quokka (D:2)
  2 frilled lizards
  6 rats
77 creatures vanquished.

Notes
Turn   | Place    | Note
-------+----------+-------------------------------------------
     0 | D:1      | Monkfish the Kobold Berserker began the quest for the Orb.
     0 | D:1      | Reached XP level 1. HP: 14/14 MP: 1/1
   187 | D:1      | Found an opulent altar of Gozag.
   199 | D:1      | Reached XP level 2. HP: 17/19 MP: 2/2
   336 | D:1      | Reached XP level 3. HP: 24/24 MP: 3/3
   864 | D:2      | Noticed Sigmund
   871 | D:2      | Killed Sigmund
   871 | D:2      | Reached skill level 5 in Short Blades
   871 | D:2      | Reached XP level 4. HP: 26/30 MP: 4/4
   871 | D:2      | Reached XP level 5. HP: 30/34 MP: 5/5
   954 | D:2      | Reached XP level 6. HP: 35/39 MP: 6/6
   989 | D:2      | Reached skill level 6 in Short Blades
  1064 | D:2      | Found an iron altar of Okawaru.
  1121 | D:2      | Reached ** piety under Trog
  1240 | D:2      | Noticed Terence
  1257 | D:2      | Killed Terence
  1595 | D:3      | Noticed Natasha
  1609 | D:3      | Killed Natasha
  1794 | D:3      | Found a shadowy altar of Dithmenos.
  1891 | D:3      | Found a stormy altar of Qazlal.
  2021 | D:3      | Found a hide-covered altar of Uskayaw.
  2156 | D:3      | Found a bloodstained altar of Trog.
  2199 | D:3      | Noticed Natasha
  2205 | D:3      | Killed Natasha
  2205 | D:3      | Reached XP level 7. HP: 44/44 MP: 7/7
  2219 | D:3      | Noticed Natasha
  2232 | D:3      | Killed Natasha
  2260 | D:3      | Reached skill level 5 in Fighting
  2260 | D:3      | Reached skill level 7 in Short Blades
  2543 | D:4      | HP: 1/66 [gnoll/whip (3)]
  2544 | D:4      | Slain by a gnoll

Skill      XL: |  1  2  3  4  5  6  7 |
---------------+----------------------+-----
Fighting       | 4 5 |  5.0
Short Blades   | 5 6 7 |  7.0
Dodging        | 3 4 |  4.1
Stealth        | 2 4 |  4.8
Armour         | |  1.5

Action                   |  1- 3 |  4- 6 |  7- 9 || total
-------------------------+-------+-------+-------++-------
Melee: Short sword       |    81 |   143 |    34 ||   258
Invok: Berserk           |     2 |     4 |     1 ||     7
       Trog's Hand       |       |       |     1 ||     1
  Use: Scroll            |     6 |     2 |     1 ||     9
       Potion            |       |     2 |     1 ||     3
 Stab: Sleeping          |     2 |     8 |     1 ||    11
  Eat: Chunk             |     7 |    10 |     1 ||    18
Armor: Animal skin       |    13 |    12 |       ||    25
       Robe              |       |     7 |     6 ||    13
Dodge: Dodged            |    64 |   114 |    36 ||   214
